Map: Emerald City LE

Players

Massa

  • Race: Terran Terran
  • League: Platinum
  • Spawn Location: 5:00

qqq

  • Race: Zerg Zerg
  • Spawn Location: 5:00

Fomich - Winner!

  • Race: Zerg Zerg
  • League: Diamond
  • Spawn Location: 11:00

Benden - Winner!

  • Race: Terran Terran
  • League: Diamond
  • Spawn Location: 11:00

VOD

Have the link to the VOD?

Description

Time

  • Played on: Nov. 12, 2020, 3:47 p.m.
  • Length: 15:14
Show
View Real Time Build Order
Export as new Build Order

Massa Terran 

Build Orders:  

Get SALT Encoding   

  12  0:00  SCV  
  13  0:12  SCV  
  14  0:21  Supply Depot  
  14  0:24  SCV  
  15  0:39  Refinery  
  15  0:43  SCV  
  15  0:45  Barracks  
  16  0:55  SCV  
  17  1:07  SCV  
  18  1:19  SCV  
  19  1:31  SCV  
  20  1:33  Reaper  
  21  1:46  Command Center  
  21  1:50  Orbital Command  
  21  2:05  Marine  
  21  2:08  Factory  
  22  2:24  SCV  
  23  2:54  SCV  
  25  2:58  Hellion  
  25  2:59  Barracks Tech Lab  
  25  3:02  Orbital Command  
  25  3:07  SCV  
  25  3:08  Supply Depot  
  25  3:10  Supply Depot  
  26  3:13  Barracks  
  26  3:19  SCV  
  31  3:20  Widow Mine, Marauder  
  31  3:22  Stimpack  
  31  3:30  Barracks  
  31  3:31  SCV x2  
  35  3:41  Widow Mine  
  33  3:49  Marauder  
  33  4:11  Marauder  
  35  4:21  Widow Mine, SCV x2  
  35  4:24  Marine  
  40  4:33  SCV, Bunker  
  40  4:34  SCV  
  40  4:35  Engineering Bay  
  42  4:39  Command Center  
  42  4:41  Marine  
  43  4:46  SCV x2  
  45  4:54  Marauder  
  45  4:58  SCV  
  45  4:59  Factory Tech Lab  
  48  5:00  Barracks Reactor  
  48  5:07  Barracks Reactor  
  48  5:15  Refinery, Marauder  
  50  5:22  Missile Turret  
  50  5:25  Missile Turret  
  50  5:28  Missile Turret  
  48  5:37  Marauder  
  48  5:57  SCV x2  
  48  5:58  Missile Turret  
  48  5:59  Orbital Command, Missile Turret  
  50  6:05  Siege Tank  
  50  6:08  Concussive Shells  
  50  6:09  SCV x2  
  50  6:10  Marine x5  
  60  6:20  Refinery  
  60  6:21  SCV  
  60  6:22  Refinery  
  61  6:26  SCV  
  61  6:27  SCV, Marine  
  61  6:28  Marine  
  65  6:33  SCV  
  65  6:35  Marauder  
  65  6:39  SCV  
  69  6:51  Combat Shield  
  69  6:53  Supply Depot  
  69  6:54  Supply Depot  
  69  6:55  Supply Depot  
  69  6:57  Supply Depot  
  69  7:14  SCV x2  
  71  7:45  Command Center  
  71  7:55  Marauder, Marine x4  
  71  7:57  SCV, Command Center, Missile Turret  
  71  7:58  SCV, Missile Turret  
  79  8:01  SCV  
  80  8:08  Terran Infantry Weapons Level 1  
  80  8:16  Armory, Marauder  
  75  8:20  Missile Turret x2  
  72  8:27  Siege Tank  
  72  8:29  Marine x2  
  72  8:30  Marine x2  
  79  8:37  Marauder  
  81  8:47  Marine x4  
  81  8:58  Planetary Fortress  
  81  8:59  Marauder  
  83  9:05  Marine x4  
  75  9:20  Marauder  
  75  9:22  Missile Turret  
  75  9:23  Marine  
  69  9:37  SCV x2  
  69  9:38  SCV  
  65  9:49  SCV x2  
  65  9:50  SCV  
  68  10:02  SCV x3  
  68  10:03  Missile Turret  
  68  10:04  Cyclone  
  74  10:10  Marine  
  74  10:11  Marine x4  
  74  10:13  Mag-Field Accelerator  
  74  10:14  SCV x2  
  81  10:19  Missile Turret  
  81  10:21  Missile Turret x2  
  81  10:22  Missile Turret  
  81  10:28  Marine  
  80  10:29  Marine x4  
  81  10:37  Cyclone  
  82  10:46  Marine  
  82  10:47  Marine x4  
  70  11:04  Marine x3  
  66  11:34  Barracks  
  66  11:37  Barracks  
  66  11:38  Missile Turret x2  
  66  11:39  Missile Turret  
  66  11:40  Cyclone  
  66  11:42  Barracks  
  69  11:48  Starport  
  69  11:51  Starport  
  69  11:54  Starport  
  69  11:59  Starport, SCV x3  
  72  12:02  SCV  
  72  12:05  Refinery  
  72  12:07  Refinery  
  73  12:11  SCV x3  
  73  12:12  Cyclone  
  73  12:14  SCV  
  58  12:23  SCV x3  
  58  12:31  Marine x4  
  62  12:43  Viking x4  
  67  12:45  Cyclone  
  67  12:49  Marine x4  
  65  13:06  Marine  
  65  13:07  Marine x3  
  69  13:13  Viking x4  
  69  13:15  Barracks Reactor x2  
  69  13:16  Barracks Reactor, Sensor Tower  
  77  13:24  Marine  
  77  13:25  Marine  
  79  13:31  Barracks Reactor  
  79  13:39  Engineering Bay  
  79  13:43  Viking x3  
  85  13:50  Armory, Marine x2  
  85  13:51  Marine x2  
  89  14:00  Marine x2  
  89  14:01  Marine x2  
  93  14:08  Marine x4  
  93  14:09  SCV x3  
  100  14:15  Missile Turret  
  100  14:18  Marine  
  100  14:23  Viking x2  
  73  14:44  SCV x3  
  73  14:45  SCV  
  75  14:51  Marine  
  75  14:52  Marine x8  
  84  14:56  SCV x2  
  84  14:57  SCV x2  
Show
View Real Time Build Order
Export as new Build Order

qqq Zerg 

Build Orders: Hatch First, Lurkers, Swarm Host 

Get SALT Encoding   

  12  0:01  Drone  
  13  0:08  Drone  
  14  0:39  Hatchery  
  13  0:55  Spawning Pool  
  12  0:57  Drone  
  13  1:06  Overlord  
  13  1:12  Drone  
  14  1:25  Drone x2, Extractor  
  15  1:38  Drone  
  16  1:55  Queen  
  16  1:56  Queen  
  20  2:02  Drone x2  
  20  2:06  Drone  
  23  2:17  Drone x2  
  25  2:25  Extractor  
  25  2:26  Drone x2  
  25  2:29  Drone  
  27  2:34  Drone  
  28  2:44  Lair  
  28  2:50  Overlord  
  28  2:53  Overlord  
  28  3:11  Overlord  
  28  3:12  Extractor, Zergling x4  
  30  3:13  Drone x3  
  32  3:20  Drone x2  
  32  3:22  Drone  
  35  3:30  Spine Crawler  
  34  3:43  Drone x3  
  36  3:56  Zergling x6  
  36  4:02  Hydralisk Den  
  37  4:04  Drone, Infestation Pit  
  37  4:06  Drone x3  
  40  4:23  Nydus Network  
  39  4:24  Drone  
  39  4:26  Drone x2  
  39  4:27  Evolution Chamber  
  39  4:30  Hydralisk  
  43  4:35  Drone  
  44  4:38  Muscular Augments  
  44  4:41  Zergling x6  
  44  4:42  Drone  
  44  4:44  Extractor  
  44  4:45  Extractor  
  46  4:55  Drone  
  46  4:58  Hydralisk  
  49  5:04  Hatchery, Overlord  
  48  5:07  Zerg Missile Weapons Level 1  
  48  5:11  Drone x2  
  50  5:17  Spore Crawler  
  49  5:24  Hydralisk  
  51  5:30  Drone  
  52  5:49  Overseer  
  52  5:50  Grooved Spines  
  52  5:52  Pneumatized Carapace  
  52  5:53  Drone x2  
  52  5:55  Drone  
  55  6:00  Hatchery  
  54  6:12  Swarm Host  
  54  6:14  Overlord x3  
  57  6:20  Nydus Canal  
  57  6:21  Drone x2  
  57  6:23  Drone  
  60  6:27  Swarm Host  
  63  6:35  Drone  
  63  6:36  Drone x3  
  63  6:39  Swarm Host  
  70  6:55  Drone x4  
  70  6:59  Swarm Host  
  70  7:00  Hydralisk  
  79  7:02  Zerg Ground Armor Level 1  
  79  7:04  Hydralisk  
  79  7:07  Swarm Host  
  84  7:20  Nydus Canal  
  79  7:25  Hydralisk x5  
  87  7:36  Hydralisk x3  
  91  7:40  Hydralisk  
  91  7:46  Nydus Canal  
  91  7:47  Swarm Host  
  94  7:53  Drone x2  
  94  7:55  Overlord x2  
  96  7:59  Spore Crawler  
  96  8:01  Drone  
  96  8:11  Spore Crawler x2  
  96  8:12  Nydus Canal  
  94  8:13  Drone x3  
  94  8:14  Drone  
  98  8:27  Hydralisk x4  
  101  8:53  Hydralisk x3  
  101  8:55  Zerg Missile Weapons Level 2  
  100  9:00  Metabolic Boost  
  100  9:05  Drone  
  100  9:06  Drone x2  
  103  9:13  Nydus Canal  
  103  9:15  Hydralisk  
  105  9:17  Overlord x2  
  105  9:18  Overlord x2  
  99  10:00  Drone x3, Lurker Den  
  99  10:02  Extractor x2, Spire  
  97  10:07  Hydralisk x3  
  97  10:08  Hydralisk x3  
  107  10:15  Hatchery  
  93  11:00  Hydralisk x2  
  93  11:01  Hydralisk x4  
  84  11:11  Zerg Melee Weapons Level 1  
  80  11:21  Mutalisk x2  
  84  11:34  Hatchery  
  84  11:36  Lurker x4  
  84  11:38  Zergling x8  
  84  11:39  Drone  
  93  11:40  Drone  
  93  11:46  Mutalisk  
  93  11:49  Corruptor  
  93  11:51  Hatchery  
  96  11:58  Drone  
  98  12:01  Spine Crawler  
  98  12:02  Spine Crawler  
  92  12:18  Mutalisk x3  
  93  12:25  Drone x3  
  94  12:31  Corruptor  
  96  12:42  Corruptor  
  98  12:46  Corruptor  
  98  12:48  Zergling x4  
  98  12:49  Drone x3  
  105  13:05  Corruptor x2  
  105  13:07  Zergling x4  
  105  13:08  Drone x3  
  105  13:10  Drone  
  113  13:19  Drone  
  114  13:20  Queen  
  114  13:22  Queen  
  114  13:23  Drone  
  118  13:28  Mutalisk  
  118  13:30  Overlord x3  
  112  13:41  Mutalisk x2  
  95  13:48  Drone x4  
  100  14:05  Hydralisk x4  
  100  14:19  Drone x6  
  106  14:31  Extractor  
  106  14:32  Extractor  
  104  14:39  Extractor  
  104  14:41  Extractor, Corruptor  
  104  14:42  Spine Crawler, Corruptor x2  
  107  14:47  Drone x2  
  107  14:48  Drone x2, Spine Crawler x2  
  107  14:51  Lurker x3  
Show
View Real Time Build Order
Export as new Build Order

Fomich Zerg - Winner!

Build Orders: Hatch First 

Get SALT Encoding   

  12  0:00  Drone  
  13  0:12  Overlord  
  13  0:19  Drone  
  14  0:30  Drone x2  
  16  0:51  Hatchery  
  16  0:52  Drone  
  16  0:55  Drone  
  17  1:07  Extractor  
  16  1:12  Spawning Pool  
  15  1:31  Drone x3  
  18  1:49  Drone  
  19  1:54  Overlord  
  19  2:05  Queen, Zergling x4  
  19  2:06  Queen  
  25  2:19  Metabolic Boost  
  25  2:22  Drone x2  
  27  2:30  Zergling x4  
  28  2:43  Zergling x4  
  30  2:50  Zergling x4  
  32  3:03  Drone x2  
  34  3:08  Hatchery  
  34  3:11  Drone x2  
  35  3:16  Overlord  
  35  3:27  Queen  
  35  3:28  Extractor  
  37  3:41  Drone  
  37  3:43  Drone x5  
  42  4:01  Drone x2  
  38  4:13  Zergling x2  
  38  4:14  Zergling x2  
  40  4:23  Roach Warren  
  39  4:24  Queen  
  39  4:30  Overlord x2  
  39  4:31  Overlord  
  41  4:38  Drone, Evolution Chamber  
  41  4:40  Drone, Spine Crawler  
  41  4:44  Lair  
  41  4:48  Queen  
  43  4:54  Drone x2  
  43  4:55  Drone x3  
  43  4:56  Drone  
  43  4:57  Drone  
  50  5:00  Drone x2  
  50  5:06  Zerg Missile Weapons Level 1  
  52  5:09  Drone x2  
  52  5:13  Roach  
  56  5:41  Drone x3  
  56  5:42  Drone x2  
  61  5:45  Spore Crawler, Roach  
  61  5:46  Roach  
  61  5:49  Drone  
  65  5:50  Overlord x2  
  65  5:51  Glial Reconstitution  
  65  5:56  Extractor  
  65  5:57  Drone  
  65  6:10  Drone  
  65  6:11  Drone x3  
  69  6:13  Drone x3  
  69  6:14  Drone x2  
  69  6:15  Drone  
  75  6:24  Evolution Chamber  
  75  6:25  Drone x2, Extractor  
  75  6:27  Roach x3  
  75  6:28  Overlord x3  
  81  6:45  Overlord  
  81  6:46  Overlord  
  81  6:48  Roach x6  
  93  7:11  Roach x6  
  93  7:12  Roach x2  
  107  7:21  Ravager x2  
  107  7:22  Ravager x4  
  113  7:23  Drone  
  113  7:24  Drone x3  
  113  7:26  Extractor x2  
  115  7:35  Drone x3  
  118  7:39  Zerg Ground Armor Level 1  
  118  7:58  Drone  
  118  7:59  Drone x2, Overlord x2  
  118  8:00  Overlord  
  118  8:22  Roach  
  118  8:23  Roach x13  
  118  8:24  Overlord x3  
  118  8:25  Overlord  
  146  8:43  Zergling x18  
  137  8:59  Zergling x12  
  140  9:02  Zerg Missile Weapons Level 2  
  138  9:21  Roach x11  
  160  9:26  Infestation Pit  
  159  9:33  Hatchery  
  148  10:02  Roach x3  
  148  10:03  Roach x5  
  148  10:06  Hive  
  164  10:17  Roach  
  164  10:18  Roach x5  
  164  10:20  Overlord x3  
  176  10:36  Zerg Ground Armor Level 2  
  174  10:50  Roach x13  
  194  11:00  Zergling x14  
  196  11:05  Overlord x2  
  196  11:07  Roach x2  
  156  11:19  Zerg Melee Weapons Level 1  
  156  11:25  Roach x6  
  168  11:43  Roach x9  
  186  11:52  Drone x2  
  188  12:05  Extractor  
  188  12:06  Zergling x12  
  188  12:07  Zergling x6  
  196  12:08  Extractor  
  184  12:32  Hydralisk Den  
  184  12:34  Hydralisk Den  
  182  12:40  Spore Crawler, Overlord x3  
  182  12:41  Spore Crawler  
  182  12:42  Overseer x2, Spore Crawler  
  182  12:43  Overseer x2  
  179  13:02  Adrenal Glands  
  179  13:04  Grooved Spines  
  179  13:08  Hydralisk x10, Muscular Augments  
  199  13:16  Ravager  
  116  13:44  Hydralisk x9  
  113  13:59  Drone x3  
  113  14:01  Hydralisk  
  115  14:23  Hydralisk x12  
  139  14:35  Lurker Den  
  139  14:36  Hydralisk  
  139  14:37  Hydralisk x5  
  150  14:46  Hatchery  
  149  14:53  Ravager  
Show
View Real Time Build Order
Export as new Build Order

Benden Terran - Winner!

Build Orders:  

Get SALT Encoding   

  12  0:00  SCV  
  13  0:12  SCV  
  14  0:17  Supply Depot  
  14  0:25  SCV  
  15  0:32  Refinery  
  15  0:38  SCV  
  16  0:45  Barracks  
  16  0:51  SCV  
  17  1:02  Refinery  
  17  1:07  SCV  
  18  1:19  SCV  
  19  1:33  Orbital Command  
  19  1:35  Factory  
  19  1:39  Barracks Reactor  
  19  1:55  Supply Depot  
  19  2:26  Hellion x2  
  23  2:30  Command Center  
  23  2:47  Hellion x2  
  28  2:58  SCV  
  28  3:06  Starport  
  28  3:10  SCV  
  31  3:15  Supply Depot  
  31  3:20  Barracks Tech Lab  
  31  3:23  Widow Mine  
  31  3:28  Supply Depot  
  31  3:32  Supply Depot  
  31  3:37  Widow Mine, SCV  
  26  4:18  Banshee, Cloaking Field  
  26  4:22  Orbital Command  
  26  4:23  SCV  
  30  4:30  Engineering Bay  
  30  4:34  Starport  
  30  4:35  SCV  
  31  4:43  Refinery  
  31  4:47  SCV  
  31  4:48  SCV  
  33  4:57  Missile Turret  
  33  4:59  SCV  
  34  5:00  SCV  
  34  5:03  Missile Turret  
  35  5:11  SCV  
  35  5:12  Starport Tech Lab, SCV  
  37  5:17  Missile Turret  
  37  5:18  Banshee  
  40  5:23  SCV  
  40  5:24  SCV  
  42  5:31  Refinery  
  42  5:36  SCV  
  42  5:37  SCV  
  44  5:48  SCV  
  44  5:49  SCV  
  43  5:51  Banshee  
  43  5:53  Hyperflight Rotors  
  46  6:00  SCV  
  46  6:01  SCV  
  48  6:05  Command Center  
  48  6:06  Banshee  
  51  6:12  SCV  
  51  6:13  SCV  
  51  6:16  Supply Depot  
  53  6:22  Fusion Core  
  53  6:24  SCV, Armory  
  53  6:25  SCV  
  55  6:36  SCV  
  56  6:52  Banshee  
  59  6:54  Banshee  
  59  7:00  Missile Turret  
  62  7:03  Missile Turret  
  62  7:18  Refinery  
  62  7:35  Banshee  
  65  7:37  Banshee  
  68  7:51  Starport  
  68  7:59  SCV x2  
  68  8:00  Planetary Fortress  
  70  8:11  SCV x2  
  72  8:18  Battlecruiser  
  78  8:20  Battlecruiser  
  78  8:23  SCV  
  85  8:32  SCV  
  86  8:35  Refinery, SCV  
  86  8:37  Starport Tech Lab  
  87  8:44  SCV x2  
  87  8:45  Supply Depot  
  87  8:47  SCV  
  90  8:56  SCV x2  
  90  8:59  SCV  
  90  9:07  Battlecruiser  
  90  9:08  SCV x2  
  98  9:11  SCV  
  87  9:52  Battlecruiser x2  
  93  9:54  SCV  
  93  9:55  SCV  
  93  9:57  SCV  
  96  10:08  Command Center  
  96  10:40  Refinery  
  96  10:41  Refinery  
  96  11:04  SCV  
  96  11:05  SCV x2  
  96  11:07  Missile Turret  
  99  11:12  Terran Vehicle And Ship Armor Level 1  
  99  11:16  Battlecruiser x3  
  99  11:17  SCV x2  
  119  11:24  Supply Depot  
  119  11:25  Missile Turret, Supply Depot  
  119  11:31  Planetary Fortress  
  119  11:37  SCV x3  
  122  11:43  Missile Turret  
  122  11:46  Supply Depot  
  122  11:48  Supply Depot  
  122  11:50  Starport  
  122  11:52  Starport, Armory  
  122  11:53  Supply Depot  
  110  12:32  Battlecruiser x3  
  128  13:13  Starport Reactor  
  128  13:18  Starport Reactor  
  128  13:24  Viking x2  
  132  13:36  Viking x2, Battlecruiser  
  142  13:42  Command Center  
  142  13:50  Supply Depot  
  142  13:51  Supply Depot  
  142  13:54  Viking x4  
  150  14:06  Viking x2  
  154  14:24  Viking x2  
  152  14:43  Viking x2  
  162  14:51  Refinery  
  162  14:55  Refinery  
Tags
 
Add a new tag
Caveats
  • Supply blocks, unpowered buildings, or Contaminate may cause inaccurate times.
  • Supply counts are checked every 10 seconds.